 Dungeon Crawl Stone Soup version 0.20.1-1-g8b1a95d (webtiles) character file.

12482 wnhky the Covert (level 11, 0/55 (56) HPs)
             Began as a Spriggan Enchanter on Sept 11, 2017.
             Was a Priest of Nemelex Xobeh.
             Killed from afar by a manticore (13 damage)
             ... with a volley of spikes
             ... on level 11 of the Dungeon.
             The game lasted 00:51:15 (14032 turns).

wnhky the Covert (Spriggan Enchanter)              Turns: 14032, Time: 00:51:16

HP:   0/55 (56)     AC:  3    Str:  7    XL:     11   Next: 63%
MP:   23/25         EV: 28    Int: 18    God:    Nemelex Xobeh [***...]
Gold: 557           SH:  0    Dex: 16    Spells: 19/28 levels left

rFire    . . .     SeeInvis +   N - +2 short sword (venom)
rCold    . . .     Gourm    .   (shield restricted)
rNeg     . . .     Faith    .   b - +0 robe
rPois    .         Spirit   .   (helmet restricted)
rElec    .         Reflect  .   t - +0 cloak
rCorr    .         Harm     .   (gloves unavailable)
MR       +....                  (boots unavailable)
Stlth    +++++.....             H - amulet of magic regeneration
Regen    0.2/turn               p - +4 ring of evasion
MPRegen  0.3/turn               (no ring)

@: barbed spikes, very quick
A: unfitting armour, see invisible, herbivore 3, speed 3, slow metabolism 2
a: Triple Draw, Renounce Religion


You were on level 11 of the Dungeon.
You worshipped Nemelex Xobeh.
Nemelex Xobeh was most pleased with you.
You were not hungry.

You visited 2 branches of the dungeon, and saw 12 of its levels.

You collected 623 gold pieces.
You spent 66 gold pieces at shops.

Inventory:

Hand Weapons
 a - a +2 dagger
 N - a +2 short sword of venom (weapon)
Armour
 b - a +0 robe (worn)
 t - a +0 cloak (worn)
 Q - +0 acid dragon scales
Jewellery
 p - a +4 ring of evasion (left hand)
 H - an amulet of magic regeneration (around neck)
Wands
 w - a wand of lightning (3/15)
 O - a wand of iceblast (8/15)
Scrolls
 f - a scroll of magic mapping
 h - 5 scrolls of remove curse
 k - a scroll of recharging {unknown}
 n - 3 scrolls of teleportation
 q - 2 scrolls of enchant armour {unknown}
 u - a scroll of fog
 y - 3 scrolls of enchant weapon
 F - a scroll of noise {unknown}
 I - 2 scrolls of amnesia
 K - a scroll of blinking {unknown}
Potions
 e - 2 potions of magic
 i - 3 potions of degeneration
 j - a potion of lignification
 l - a potion of haste
 s - 4 potions of mutation
 v - 3 potions of agility
 x - 2 potions of brilliance
 z - a potion of ambrosia {unknown}
 A - a potion of berserk rage {unknown}
 C - 4 potions of curing
 D - 2 potions of heal wounds {unknown}
 G - a potion of might
Books
 c - a book of Maledictions

   Spells                             Type                      Level
   a - Corona                         Hexes                        1
   b - Ensorcelled Hibernation        Hexes/Ice                    2
   c - Confuse                        Hexes                        3
   d - Tukima's Dance                 Hexes                        3
   e - Dazzling Spray                 Conjuration/Hexes            3
 J - the Volume of Harmful Boosts
   (You found it on level 9 of the Dungeon)

   Spells                             Type                      Level
   a - Swiftness                      Charms/Air                   2
   b - Throw Flame                    Conjuration/Fire             2
   c - Regeneration                   Charms/Necromancy            3
   d - Venom Bolt                     Conjuration/Poison           5
   e - Conjure Ball Lightning         Conjuration/Air              6
 M - a book of Changes

   Spells                             Type                      Level
   a - Beastly Appendage              Transmutation                1
   b - Sticks to Snakes               Transmutation                2
   c - Spider Form                    Transmutation/Poison         3
   d - Ice Form                       Ice/Transmutation            4
   e - Blade Hands                    Transmutation                5
Miscellaneous
 o - a fan of gales
 E - a plain deck of destruction
Comestibles
 d - 8 bread rations
 g - 12 fruits
 m - 3 royal jellies


   Skills:
 + Level 5.2 Fighting
 + Level 8.1 Short Blades
 * Level 8.7 Dodging
 * Level 11.8 Stealth
 + Level 9.3 Spellcasting
 + Level 10.8 Hexes
 + Level 6.5 Invocations


You had 19 spell levels left.
You knew the following spells:

 Your Spells              Type           Power        Failure   Level  Hunger
a - Corona                Hex            #####..      1%          1    None
b - Ensorcelled Hibernat  Hex/Ice        ####..       1%          2    None
c - Confuse               Hex            #####...     1%          3    None
d - Dazzling Spray        Conj/Hex       ####..       2%          3    None


Dungeon Overview and Level Annotations

Branches:
Dungeon (11/15)            Temple (1/1) D:6            Lair (0/6) D:11
    Orc: D:9-12

Altars:
Ashenzari
Cheibriados
Elyvilon
Fedhas
Hepliaklqana
Kikubaaqudgha
Makhleb
Nemelex Xobeh
Okawaru
Qazlal
Ru
Sif Muna
Trog
Uskayaw
Xom
Yredelemnul
Zin
The Shining One

Shops:
D:5 *


Innate Abilities, Weirdness & Mutations

You are very small and have problems with some larger weapons.
You are too small for most types of armour.
You have supernaturally acute eyesight. (SInv)
You are a herbivore.
You cover ground extremely quickly.
You need consume almost no food.


Message History

The frost giant hits you with a battleaxe of freezing!!!
Ouch! That really hurt!
* * * LOW HITPOINT WARNING * * *
The frost giant freezes you!
* * * LOW HITPOINT WARNING * * *
You start resting.
Magic restored.
You start resting.
A manticore comes into view.
Casting: Confuse
Confirm with . or Enter, or press ? or * to list all spells.
Aiming: Ensorcelled Hibernation
Press: ? - help, Shift-Dir - straight line, f - manticore
Aim: a manticore (hasn't noticed you, chance to defeat MR: 38%)
The manticore easily resists.
The manticore flicks its tail.
The volley of spikes hits you!
The barbed spikes become lodged in your body.
You die...
Your body glows slightly and disappears.

....# #.# #.# #.# ....# #.####.#
#.# # ....#
#......##########C##### ....#
#.####/................ ....#
#.####.##########......
.##)#######....H.# #######
.##.........####.# .############
#.# .# #@# .# #.# .# #.### .#
#...# .# #.#.# .# #.#.# .#
###.#.######## .#
##.#..........#
.############.#..†...####.######


You could see a manticore.

Vanquished Creatures
  Harold (D:11)
  4 two-headed ogres
  Sonja (D:10)
  The ghost of manon the Cleaver, a novice DsCK of Xom (D:9)
  Maurice (D:11)
  A polar bear (D:11)
  2 trolls
  A hippogriff (D:9)
  A wraith (D:11)
  Eustachio (D:6)
  8 yaks
  A hungry ghost (D:9)
  A steam dragon (D:9)
  3 wargs (D:11)
  2 acid dragons
  A water moccasin (D:10)
  3 black bears
  An orc warrior (D:7)
  4 ice beasts
  A hornet zombie (D:9)
  3 sky beasts
  A necrophage (D:9)
  2 phantoms
  4 ogres
  4 centaurs
  2 big kobolds
  3 bullfrogs
  A wyvern zombie (D:7)
  4 scorpions
  6 killer bees (D:6)
  3 howler monkeys (D:9)
  4 crimson imps
  A quasit (D:8)
  2 centaur skeletons
  8 hounds
  Crazy Yiuf (D:5)
  A jelly (D:9)
  6 orc wizards
  2 orc priests
  2 bullfrog skeletons (D:4)
  Terence (D:2)
  6 iguanas
  8 worker ants
  Ijyb (D:5)
  A hound zombie (D:4)
  A hound skeleton (D:4)
  A worker ant zombie (D:7)
  A howler monkey zombie (D:6)
  3 gnolls (D:2)
  A howler monkey skeleton (D:11)
  11 adders
  3 shadow imps (D:5)
  An adder zombie (D:5)
  An adder skeleton (D:5)
  2 worms
  4 dart slugs
  4 leopard geckos
  24 orcs
  5 bats
  3 giant cockroaches
  5 goblins
  3 hobgoblins
  4 jackals (D:10)
  27 kobolds
  2 quokkas (D:5)
  A ball python (D:4)
  6 frilled lizards
  A giant cockroach zombie (D:6)
  4 jackal skeletons
  A quokka zombie (D:7)
  9 rats
244 creatures vanquished.

Vanquished Creatures (others)
  A plant (D:6)
1 creature vanquished.

Grand Total: 245 creatures vanquished

Notes
Turn   | Place    | Note
-------+----------+-------------------------------------------
     0 | D:1      | wnhky the Spriggan Enchanter began the quest for the Orb.
     0 | D:1      | Reached XP level 1. HP: 9/9 MP: 5/5
   366 | D:1      | Reached XP level 2. HP: 13/13 MP: 6/6
   370 | D:1      | Learned a level 2 spell: Ensorcelled Hibernation
   660 | D:2      | Reached skill level 5 in Stealth
  1034 | D:2      | Reached XP level 3. HP: 16/16 MP: 5/8
  1463 | D:2      | Reached skill level 6 in Stealth
  1766 | D:2      | Reached XP level 4. HP: 19/21 MP: 9/9
  1783 | D:2      | Learned a level 3 spell: Confuse
  1789 | D:2      | Reached skill level 5 in Dodging
  1964 | D:2      | Noticed Terence
  1977 | D:2      | Killed Terence
  2348 | D:3      | Reached skill level 7 in Stealth
  2348 | D:3      | Reached XP level 5. HP: 24/24 MP: 10/10
  3145 | D:3      | Learned a level 3 spell: Dazzling Spray
  3835 | D:4      | Noticed a phantom
  4084 | D:4      | Reached XP level 6. HP: 28/28 MP: 8/11
  4097 | D:4      | Found a bloodstained altar of Trog.
  4231 | D:4      | Reached skill level 8 in Stealth
  5549 | D:4      | Reached XP level 7. HP: 32/32 MP: 9/12
  5567 | D:4      | Reached skill level 5 in Short Blades
  5632 | D:5      | Entered Level 5 of the Dungeon
  5870 | D:5      | Found a runed door.
  5874 | D:5      | Noticed Crazy Yiuf
  5878 | D:5      | Killed Crazy Yiuf
  5987 | D:5      | Found Fuxain's General Store.
  5990 | D:5      | Bought 4 fruits for 66 gold pieces
  6144 | D:5      | Reached skill level 5 in Hexes
  6462 | D:5      | Noticed Ijyb
  6499 | D:5      | Killed Ijyb
  6778 | D:6      | Reached XP level 8. HP: 34/36 MP: 9/15
  6850 | D:6      | Found a staircase to the Ecumenical Temple.
  6893 | Temple   | Entered the Ecumenical Temple
  7000 | Temple   | Became a worshipper of Nemelex Xobeh the Trickster
  7069 | D:6      | Found a shimmering altar of Xom.
  7089 | D:6      | Noticed Eustachio
  7094 | D:6      | Killed Eustachio
  7094 | D:6      | Reached skill level 5 in Spellcasting
  7094 | D:6      | Reached skill level 1 in Invocations
  7616 | D:6      | Found a snail-covered altar of Cheibriados.
  7617 | D:6      | Found a glowing golden altar of the Shining One.
  7903 | D:6      | Reached skill level 1 in Fighting
  8100 | D:6      | Found a burning altar of Makhleb.
  8100 | D:6      | Noticed a blizzard demon
  8120 | D:6      | Received a gift from Nemelex Xobeh
  8253 | D:7      | Found Immas's Distillery.
  8532 | D:7      | Reached XP level 9. HP: 41/41 MP: 13/19
  8791 | D:8      | Noticed a two-headed ogre
  8811 | D:8      | Killed a two-headed ogre
  9162 | D:8      | Reached * piety under Nemelex Xobeh
  9707 | D:9      | Reached XP level 10. HP: 26/50 MP: 1/22
 10426 | D:9      | Found an ancient bone altar of Kikubaaqudgha.
 10494 | D:9      | Reached skill level 5 in Fighting
 10634 | D:9      | Identified the Volume of Harmful Boosts
 10796 | D:9      | Reached skill level 5 in Invocations
 10810 | D:9      | Noticed manon's ghost (novice DsCK)
 10905 | D:9      | Killed manon's ghost
 10905 | D:9      | Reached skill level 9 in Stealth
 10905 | D:9      | Reached skill level 10 in Hexes
 11552 | D:9      | Noticed a two-headed ogre
 11627 | D:9      | Killed a two-headed ogre
 12235 | D:10     | Entered Level 10 of the Dungeon
 12293 | D:10     | Noticed Sonja
 12296 | D:10     | Killed Sonja
 12296 | D:10     | Reached skill level 10 in Stealth
 12296 | D:10     | Reached XP level 11. HP: 55/55 MP: 24/24
 12336 | D:10     | Reached ** piety under Nemelex Xobeh
 12357 | D:10     | Received a gift from Nemelex Xobeh
 12549 | D:10     | Noticed a two-headed ogre
 12556 | D:10     | Killed a two-headed ogre
 12955 | D:11     | Found a staircase to the Lair.
 13187 | D:11     | Noticed Maurice
 13212 | D:11     | Killed Maurice
 13212 | D:11     | Reached skill level 11 in Stealth
 13366 | D:11     | Noticed a two-headed ogre
 13387 | D:11     | Killed a two-headed ogre
 13652 | D:11     | Noticed Harold
 13668 | D:11     | Killed Harold
 13716 | D:11     | Noticed a frost giant
 13757 | D:11     | Reached *** piety under Nemelex Xobeh
 13961 | D:11     | HP: 1/55 [frost giant/battleaxe of freezing (7)]
 14032 | D:11     | Killed from afar by a manticore

Skill      XL: |  1  2  3  4  5  6  7  8  9 10 11 |
---------------+----------------------------------+-----
Stealth        | 5 6 7 8 10 11 | 11.8
Dodging        | 4 5 6 7 8 |  8.7
Short Blades   | 2 4 5 6 8 |  8.1
Spellcasting   | 4 6 7 8 9 |  9.3
Hexes          | 6 8 9 10 | 10.8
Invocations    | 2 4 5 6 |  6.5
Fighting       | 1 4 5 |  5.2

Action                   |  1- 3 |  4- 6 |  7- 9 | 10-12 || total
-------------------------+-------+-------+-------+-------++-------
Melee: Dagger            |    86 |   149 |   286 |   160 ||   681
       Short sword       |       |       |       |   143 ||   143
       Unarmed           |       |       |       |     2 ||     2
 Cast: Corona            |     5 |     1 |       |       ||     6
       Ensorcelled Hiber |    12 |    23 |    51 |    52 ||   138
       Confuse           |       |    20 |    27 |    24 ||    71
       Dazzling Spray    |       |     2 |    15 |     8 ||    25
  Use: Scroll            |       |     8 |     1 |     6 ||    15
       Potion            |       |     2 |       |       ||     2
 Stab: Sleeping          |    11 |    23 |    45 |    37 ||   116
       Confused          |       |     9 |    18 |    32 ||    59
       Invisible         |       |       |     6 |     2 ||     8
  Eat: Bread ration      |       |     1 |     1 |       ||     2
       Fruit             |       |     1 |     3 |     3 ||     7
Armor: Robe              |     4 |     3 |    13 |     5 ||    25
Dodge: Dodged            |    62 |   127 |   229 |   234 ||   652
